 Dungeon Crawl Stone Soup version 0.27-a0-287-gd4424db (webtiles) character file.

Game seed: 7000194515840463935

30 Cunctator the Insei (level 3, 0/28 HPs)
             Began as a Gnoll Transmuter on Feb 8, 2021.
             Slain by a frilled lizard (3 damage)
             ... on level 2 of the Dungeon.
             The game lasted 00:04:09 (1118 turns).

Cunctator the Insei (Gnoll Transmuter)              Turns: 1118, Time: 00:04:10

Health: 0/28       AC:  2    Str: 10    XL:     3   Next: 18%
Magic:  8/9        EV: 14    Int: 12    God:
Gold:   89         SH:  0    Dex: 12    Spells: 11/12 levels left

rFire    . . .     SeeInvis .   e - +0 dagger
rCold    . . .     Faith    .   (no shield)
rNeg     . . .     Spirit   .   a - +0 robe
rPois    .         Reflect  .   (no helmet)
rElec    .         Harm     .   (no cloak)
rCorr    .         Rampage  .   (no gloves)
Will     .....                  (no boots)
Stlth    +.........             (no amulet)
HPRegen  0.09/turn              (no ring)
MPRegen  0.11/turn              (no ring)

@: mighty, lethally poisoned (0 -> -4), attractive
A: distributed training, fangs 1, strong nose
a: no special abilities


You were on level 2 of the Dungeon.
You visited 1 branch of the dungeon, and saw 2 of its levels.

You collected 89 gold pieces.


Innate Abilities, Weirdness & Mutations

Your experience applies equally to all skills.
You have very sharp teeth.
Your uncanny sense of smell can sniff out nearby items.


   Skills:
 + Level 2.5 Fighting
 + Level 0.6 Short Blades
 + Level 0.6 Long Blades
 + Level 0.6 Axes
 + Level 0.6 Maces & Flails
 + Level 0.6 Polearms
 + Level 0.6 Staves
 + Level 0.6 Slings
 + Level 0.6 Bows
 + Level 0.6 Crossbows
 + Level 0.6 Throwing
 + Level 0.6 Armour
 + Level 4.5 Dodging
 + Level 0.6 Stealth
 + Level 0.6 Shields
 + Level 6.5 Unarmed Combat
 + Level 5.0 Spellcasting
 + Level 0.4 Conjurations
 + Level 0.4 Hexes
 + Level 0.4 Summonings
 + Level 0.4 Necromancy
 + Level 0.4 Translocations
 + Level 3.7 Transmutations
 + Level 0.4 Fire Magic
 + Level 0.4 Ice Magic
 + Level 0.4 Air Magic
 + Level 0.4 Earth Magic
 + Level 0.4 Poison Magic
 + Level 0.8 Invocations
 + Level 0.6 Evocations


You had 11 spell levels left.
You knew the following spells:

 Your Spells              Type           Power        Failure   Level
z - Beastly Appendage     Tmut           24%          4%          1

Your spell library contained the following spells:

 Spells                   Type           Power        Failure   Level
 Wereblood                Tmut           12%          6%          2
 Spider Form              Tmut/Pois      4%           26%         3
 Ice Form                 Ice/Tmut       8%           63%         4
 Blade Hands              Tmut           6%           75%         5

Inventory:

Hand Weapons
 e - a +0 dagger (weapon)
 j - a +0 hunting sling
Missiles
 f - 37 stones (quivered)
 g - 44 bolts
Armour
 a - a +0 robe (worn)
 b - a +0 leather armour
 c - a +0 kite shield
Jewellery
 d - an uncursed ring of resist corrosion {unknown}
Scrolls
 i - a scroll of immolation {unknown}

Dungeon Overview and Level Annotations

Branches:
Dungeon (2/15)

Altars:
Okawaru

▒......▒<.▒ J
▒......†.▒▒
▒...<..▒▒▒
▒▒......▒
........▒
........▒▒
.........▒
▒▒.......▒▒▒▒▒▒▒.
▒▒▒.....gl......
▒▒▒▒▒▒....▒▒..
▒▒▒.....▒ ▒▒▒...
.. . ∆ ∆


You could see a frilled lizard.


Message History

Increase (s)trength, (i)ntelligence, or (d)exterity?
You feel stronger.
You hit the giant cockroach.
You kill the giant cockroach!
* * * LOW HITPOINT WARNING * * *
You feel sick.
* * * LOW HITPOINT WARNING * * *
You feel sick.
You see here a giant cockroach corpse.
* * * LOW HITPOINT WARNING * * *
You feel sick.
* * * LOW HITPOINT WARNING * * *
You feel sick.
* * * LOW HITPOINT WARNING * * *
You feel sick.
There is a lethal amount of poison in your body!
There is a lethal amount of poison in your body!
There is a lethal amount of poison in your body!
There is a lethal amount of poison in your body!
There is a lethal amount of poison in your body!
* * * LOW HITPOINT WARNING * * *
You feel sick.
A frilled lizard comes into view.
The frilled lizard is pulled toward you!
The frilled lizard is pulled toward you!
* * * LOW HITPOINT WARNING * * *
You feel sick. The frilled lizard closely misses you.
The frilled lizard bites you.
You die...

Action                   || total
-------------------------++-------
Melee: Unarmed           ||    27
       Kick              ||     6
       Bite              ||     4
       Headbutt          ||     3
       Dagger            ||    44
Throw: Stone             ||     3
 Cast: Beastly Appendage ||     5
  Use: Potion            ||     2
Armor: Robe              ||     9
Dodge: Dodged            ||    49

Levels and vault maps discovered:
D:1:      lightli_arrival_farm, layout_basic, minmay_hexomino_r4
D:2:      layout_rooms, lemuel_blue_sif_altar, lemuel_crystal_altar,
          serial_park_tiny_1

Notes
Turn   | Place    | Note
-------+----------+-------------------------------------------
     0 | D:1      | Cunctator the Gnoll Transmuter began the quest for the Orb.
     0 | D:1      | Reached XP level 1. HP: 17/17 MP: 6/6
    94 | D:1      | Found an iron altar of Okawaru.
    99 | D:1      | Reached XP level 2. HP: 17/23 MP: 7/7
  1106 | D:2      | Reached skill level 5 in Spellcasting
  1106 | D:2      | Reached XP level 3. HP: 9/28 MP: 7/9
  1118 | D:2      | Slain by a frilled lizard

Vanquished Creatures
  An adder (D:2)
  A leopard gecko (D:1)
  3 giant cockroaches
  4 goblins
  2 hobgoblins (D:1)
  4 bats (D:1)
  4 frilled lizards (D:1)
  A kobold (D:1)
20 creatures vanquished.
